 Dungeon Crawl Stone Soup version 0.28-a0-1435-g82390b3a13 (webtiles) character file.

Game seed: 633166968890963965

21478 bande the Cleaver (level 12, -6/73 HPs)
             Began as a Gargoyle Fighter on Jan 9, 2022.
             Was a High Priest of Okawaru.
             Mangled by a death yak (11 damage)
             ... on level 2 of the Lair of Beasts.
             The game lasted 00:33:13 (19732 turns).

bande the Cleaver (Gargoyle Fighter)               Turns: 19732, Time: 00:33:14

Health: -6/73      AC: 32    Str: 26    XL:     12   Next: 90%
Magic:  17/17      EV:  6    Int: 10    God:    Okawaru [*****.]
Gold:   276        SH:  0    Dex: 13    Spells: 11/11 levels left

rFire   . . .      SeeInvis .   u - +4 broad axe (holy)
rCold   . . .      Faith    .   J - +0 kite shield
rNeg    + . .      Spirit   .   y - +3 plate armour
rPois   ∞          Reflect  .   m - +0 helmet
rElec   +          Harm     .   v - +2 cloak {Will+}
rCorr   .          Rampage  .   (no gloves)
Will    +....                   n - +0 pair of boots
Stlth   ..........              (no amulet)
HPRegen 0.22/turn               g - +4 ring of slaying
MPRegen 0.15/turn               h - +6 ring of strength

@: confused, mighty, ambrosia-drunk
A: sickness immunity, AC +8, negative energy resistance 1, electricity
resistance, torment resistance 1, petrification resistance
a: Renounce Religion, Heroism, Finesse, Duel


You were on level 2 of the Lair of Beasts.
You worshipped Okawaru.
Okawaru was extremely pleased with you.
You visited 3 branches of the dungeon, and saw 13 of its levels.

You collected 681 gold pieces.
You spent 405 gold pieces at shops.

Inventory:

Hand Weapons
 o - a +2 flail of holy wrath
 u - a +4 broad axe of holy wrath (weapon)
 G - a +1 war axe of electrocution
Missiles
 A - a throwing net (quivered)
Armour
 m - a +0 helmet (worn)
 n - a +0 pair of boots (worn)
 r - a scarf of invisibility
 v - a +2 cloak of willpower (worn)
 y - a +3 plate armour (worn)
 z - the +0 cloak of Limited Liability {+Inv rPois Will+ Int+2 Dex-2}
   (You found it on level 6 of the Dungeon)

   Int:       It affects your intelligence (+2).
   Dex:       It affects your dexterity (-2).
   rPois:     It protects you from poison.
   +Inv:      It lets you turn invisible.
   Will:      It increases your willpower.
 J - a +0 kite shield (worn)
Jewellery
 a - a +6 ring of dexterity
 g - a +4 ring of slaying (left hand)
 h - a +6 ring of strength (right hand)
 D - a ring of resist corrosion
Wands
 c - a wand of acid (3)
 p - a wand of flame (19)
 q - a wand of polymorph (9)
 s - a wand of iceblast (18)
Scrolls
 b - a scroll of magic mapping
 i - 6 scrolls of teleportation
 w - a scroll of fear
 x - a scroll of holy word
 E - a scroll of amnesia
Potions
 d - a potion of might
 e - a potion of ambrosia
 f - 2 potions of haste
 j - 3 potions of curing
 k - 3 potions of resistance
 l - a potion of heal wounds
 t - a potion of berserk rage
 B - a potion of degeneration {unknown}
 C - 3 potions of flight
 F - 2 potions of brilliance
 H - a potion of invisibility
 I - a potion of cancellation {unknown}


   Skills:
 - Level 7.7 Fighting
 + Level 12.6 Axes
 + Level 10.4 Armour
 + Level 8.1 Shields
 * Level 7.6 Invocations
 * Level 6.6 Evocations


You had 11 spell levels left.
You didn't know any spells.
Your spell library contained the following spells:

 Spells                   Type           Power      Damage    Failure   Level
 Scorch                   Fire           0%         2d5       100%        2
 Dazzling Flash           Conj/Hex       0%         N/A       100%        3
 Portal Projectile        Hex/Tloc       0%         N/A       100%        3
 Flame Wave               Conj/Fire      0%         2d4       100%        4
 Leda's Liquefaction      Hex/Erth       0%         N/A       100%        4
 Agony                    Necr           0%         N/A       100%        5
 Silence                  Hex/Air        0%         N/A       100%        5
 Necromutation            Tmut/Necr      0%         N/A       100%        8
 Call Canine Familiar     Summ           Unusable   N/A       N/A         3
 Summon Guardian Golem    Hex/Summ       Unusable   N/A       N/A         3
 Summon Cactus Giant      Summ           Unusable   N/A       N/A         6

Dungeon Overview and Level Annotations

Branches:
Dungeon (10/15)            Temple (1/1) D:5            Lair (2/6) D:9
 Spider (0/4) Lair:2
  Swamp: Lair:2-4    Shoals: Lair:2-4     Snake: Lair:2-4       Orc: D:9-12

Altars:
Ashenzari
Cheibriados
Dithmenos
Elyvilon
Fedhas
Gozag
Hepliaklqana
Kikubaaqudgha
Makhleb
Nemelex Xobeh
Okawaru
Qazlal
Ru
Sif Muna
Trog
Uskayaw
Vehumet
Wu Jian
Xom
Yredelemnul
Zin
The Shining One
Beogh

Shops:
D:4 *   D:6 (


Innate Abilities, Weirdness & Mutations

You are immune to sickness and miasma.
Your stone body is resilient. (AC +8)
You are immune to poison.
You resist negative energy. (rN+)
You are resistant to electric shocks. (rElec)
You are resistant to unholy torment.
You are immune to petrification.


Message History

You feel much better.
The death yak gores you but does no damage. x2
You feel very mighty all of a sudden. You block the death yak's attack. x2
The death yak gores you but does no damage.
You block the death yak's attack.
You slash the death yak!
The death yak is heavily wounded.
You slice the death yak!! You slash the death yak!
You barely miss the death yak. The death yak gores you.
You block the death yak's attack.
The death yak gores you but does no damage.
The death yak gores you!
You slice the death yak!!
The death yak is severely wounded.
You slice the death yak!! You hit the death yak. You slash the death yak!
The death yak closely misses you. You block the death yak's attack.
The death yak gores you but does no damage.
The death yak gores you!
* * * LOW HITPOINT WARNING * * *
You hit the death yak.
The death yak is severely wounded.
You slash the death yak! You slice the death yak!!
You hit the death yak but do no damage. You block the death yak's attack. x2
The death yak gores you!
* * * LOW HITPOINT WARNING * * *
The death yak completely misses you.
You are confused.
You feel invigorated.
The death yak gores you but does no damage. x4
You are too confused!
You slash the death yak!
The death yak is almost dead.
You slash the death yak! x2; You hit the death yak but do no damage.
The death yak gores you but does no damage.
The death yak gores you!
* * * LOW HITPOINT WARNING * * *
The death yak gores you but does no damage.
The death yak gores you!
You die...

# ##........ ##.##
#..............## #÷##
#...............# ##..#
..............# #..##
..............# ##..#
..............# ##.##
....#.#P...#..#####..#
..#........YY....##..#
...........Y@........#
.....P.....Y#........#
......................#
.#.##.##.P#.##.##...###
# ## ##############


You could see 4 death yaks.

Vanquished Creatures
  2 hydras
  A boulder beetle (Lair:2)
  3 two-headed ogres
  A wizard (D:10)
  The ghost of riojii the Covert, a novice KoEn of Dithmenos (D:7)
  A black mamba (Lair:1)
  2 cane toads
  An unseen horror (D:10)
  2 komodo dragons
  A troll (D:9)
  A polar bear (D:9)
  5 blink frogs (Lair:1)
  A hornet (D:10)
  Grinder (D:4)
  5 slime creatures
  Sigmund (D:5)
  A shadow (D:9)
  7 small abominations
  23 yaks
  2 wyverns (D:9)
  Eustachio (D:5)
  3 steam dragons
  Edmund (D:5)
  A redback (Lair:2)
  Menkaure (D:5)
  7 water moccasins
  5 large abominations (D:10)
  3 ice beasts
  3 orc warriors
  A sky beast (D:6)
  2 necrophages
  3 black bears
  3 ogres
  8 centaurs
  10 wolves
  A phantom (D:5)
  8 bullfrogs
  2 kobold brigands
  4 scorpions
  A gnoll sergeant (D:9)
  5 killer bees (D:9)
  A wight (D:7)
  2 electric eels (Lair:1)
  2 howler monkeys
  The ghost of southernslant the Poker, a weakling GrGl (D:5)
  7 centaur zombies
  2 bullfrog zombies
  A jelly (D:4)
  4 orc priests
  3 hounds
  A gnoll shaman (D:7)
  Crazy Yiuf (D:5)
  4 centaur skeletons
  Ijyb (D:3)
  5 iguanas
  A killer bee zombie (D:7)
  A centaur simulacrum (D:9)
  A hound skeleton (D:5)
  3 mummies (D:7)
  A howler monkey zombie (D:6)
  13 gnolls
  6 adders
  A shadow imp (D:7)
  2 white imps
  An adder zombie (D:5)
  2 worms (D:3)
  3 dart slugs
  30 orcs
  5 endoplasms
  3 giant cockroaches
  7 goblins
  7 hobgoblins
  7 jackals (D:2)
  5 quokkas
  10 ball pythons
  3 bats
  12 frilled lizards
  37 kobolds
  5 rats
336 creatures vanquished.

Vanquished Creatures (others)
  An orc wizard (D:8)
  35 fungi
  96 plants
  6 withered plants (D:7)
138 creatures vanquished.

Grand Total: 474 creatures vanquished

Notes
Turn   | Place    | Note
-------+----------+-------------------------------------------
     0 | D:1      | bande the Gargoyle Fighter began the quest for the Orb.
     0 | D:1      | Reached XP level 1. HP: 14/14 MP: 1/1
   303 | D:1      | Reached skill level 2 in Axes
   303 | D:1      | Reached XP level 2. HP: 16/19 MP: 2/2
   514 | D:1      | Reached XP level 3. HP: 23/23 MP: 3/3
  1176 | D:2      | Reached XP level 4. HP: 28/28 MP: 4/4
  1239 | D:2      | Reached skill level 3 in Axes
  2255 | D:3      | Reached XP level 5. HP: 33/33 MP: 5/5
  2332 | D:3      | Found a snail-covered altar of Cheibriados.
  2472 | D:3      | Noticed Ijyb
  2496 | D:3      | Killed Ijyb
  3757 | D:4      | Noticed an ogre
  3764 | D:4      | Killed an ogre
  3765 | D:4      | Reached skill level 4 in Axes
  3765 | D:4      | Reached XP level 6. HP: 13/38 MP: 6/6
  3773 | D:4      | Reached skill level 5 in Armour
  4006 | D:4      | Found a glowing silver altar of Zin.
  4071 | D:4      | Noticed a necrophage
  4083 | D:4      | Killed a necrophage
  4175 | D:4      | Reached XP level 7. HP: 43/43 MP: 7/7
  4213 | D:4      | Found a runed translucent gate.
  4213 | D:4      | Found a runed translucent gate.
  4213 | D:4      | Found a runed translucent gate.
  4214 | D:4      | Noticed southernslant's ghost (weakling GrGl)
  4780 | D:4      | Found Muepn's Gadget Gallery.
  4899 | D:4      | Reached skill level 5 in Axes
  5160 | D:5      | Entered Level 5 of the Dungeon
  5160 | D:5      | Noticed Grinder
  5164 | D:5      | Paralysed by Grinder for 2 turns
  5173 | D:4      | Killed Grinder
  5326 | D:5      | Reached skill level 6 in Axes
  5326 | D:5      | Reached XP level 8. HP: 30/48 MP: 8/8
  5444 | D:5      | Found a staircase to the Ecumenical Temple.
  5490 | Temple   | Entered the Ecumenical Temple
  5840 | D:5      | Reached skill level 5 in Fighting
  6066 | D:5      | Killed southernslant's ghost
  6108 | D:4      | Reached skill level 7 in Axes
  6302 | D:5      | Noticed Menkaure
  6302 | D:5      | Noticed Edmund
  6310 | D:5      | Killed Edmund
  6312 | D:5      | Killed Menkaure
  6313 | D:5      | Reached skill level 5 in Shields
  6774 | D:5      | Noticed Sigmund
  6782 | D:5      | Killed Sigmund
  6783 | D:5      | Reached XP level 9. HP: 50/54 MP: 9/9
  6995 | D:5      | Found a runed translucent door.
  6996 | D:5      | Noticed Crazy Yiuf
  7104 | D:5      | Killed Crazy Yiuf
  7192 | D:6      | Noticed Eustachio
  7234 | D:5      | Killed Eustachio
  7485 | D:6      | Reached skill level 8 in Axes
  7508 | D:6      | Reached skill level 1 in Evocations
  7712 | D:6      | Found Wuofarrudogh's Antique Weapon Emporium.
  7717 | D:6      | Bought a glowing broad axe for 210 gold pieces
  7770 | D:6      | Found a runed translucent gate.
  7771 | D:6      | Found a runed translucent gate.
  7772 | D:6      | Found a runed translucent gate.
  7772 | D:6      | Noticed riojii's ghost (novice KoEn)
  8278 | D:6      | Found an iron altar of Okawaru.
  8714 | D:6      | Became a worshipper of Warmaster Okawaru
  8906 | D:7      | Reached skill level 1 in Invocations
  9082 | D:7      | Killed riojii's ghost
  9082 | D:7      | Reached * piety under Okawaru
  9083 | D:7      | Reached skill level 9 in Axes
  9083 | D:7      | Reached XP level 10. HP: 49/61 MP: 11/11
  9316 | D:6      | Identified the +0 cloak of Limited Liability {+Inv rPois
                  | Will+ Int+2 Dex-2}
  9542 | D:7      | Noticed a two-headed ogre
  9551 | D:7      | Killed a two-headed ogre
 10227 | D:7      | You fall into a shaft and drop 3 floors!
 10227 | D:10     | Entered Level 10 of the Dungeon
 10270 | D:10     | Reached ** piety under Okawaru
 10342 | D:8      | Found an ornate altar of the Wu Jian Council.
 10953 | D:8      | Reached skill level 10 in Axes
 11081 | D:8      | Noticed a two-headed ogre
 11087 | D:8      | Killed a two-headed ogre
 11421 | D:8      | Reached *** piety under Okawaru
 11427 | D:8      | Reached XP level 11. HP: 59/67 MP: 14/14
 12029 | D:9      | Noticed a two-headed ogre
 12038 | D:9      | Killed a two-headed ogre
 12038 | D:9      | Reached **** piety under Okawaru
 12039 | D:9      | Reached skill level 5 in Invocations
 12185 | D:9      | Found a staircase to the Lair.
 12632 | D:9      | Reached skill level 11 in Axes
 12910 | D:9      | Reached skill level 5 in Evocations
 13596 | D:9      | Noticed a five-headed hydra
 13617 | D:9      | Killed a six-headed hydra
 13987 | D:9      | Reached ***** piety under Okawaru
 14806 | D:10     | Reached XP level 12. HP: 73/73 MP: 16/16
 16081 | D:10     | Upgraded the game from 0.28-a0-1429-gf3d713df7a to
                  | 0.28-a0-1435-g82390b3a13
 16634 | D:10     | Got the Incunabulum of the Entourage and Evil
 16817 | Lair:1   | Entered Level 1 of the Lair of Beasts
 16842 | Lair:1   | Noticed a five-headed hydra
 16868 | Lair:1   | Killed a five-headed hydra
 16869 | Lair:1   | Reached skill level 12 in Axes
 16983 | Lair:1   | Reached skill level 10 in Armour
 17335 | Lair:1   | Received a gift from Okawaru
 18383 | D:6      | Bought a glowing war axe for 195 gold pieces
 19112 | Lair:2   | Found a hole to the Spider Nest.
 19375 | Lair:2   | Noticed a boulder beetle
 19390 | Lair:2   | Killed a boulder beetle
 19710 | Lair:2   | Noticed a death yak
 19710 | Lair:2   | Noticed a death yak
 19711 | Lair:2   | Noticed a death yak
 19712 | Lair:2   | Noticed a death yak
 19732 | Lair:2   | Mangled by a death yak

Illustrated notes

Levels and vault maps discovered:
D:1:      ebering_trefoil_3fold, layout_loops_ring, minmay_lizard_king
D:2:      layout_rooms
D:3:      layout_loops_ring, mainiacjoe_overflow_boulevard, serial_aquarium,
          aquarium_bridge_square [aquarium_subvault_bridge,
          aquarium_subvault_bridge, aquarium_subvault_bridge,
          aquarium_subvault_wall], aquarium_window_fake, aquarium_window_3,
          aquarium_window_corner, aquarium_view_2b, aquarium_pool_2, uniq_ijyb
D:4:      kennysheep_kobold_camp, layout_basic, zin_statuary,
          gammafunk_ghost_necromancy, chequers_decorated_corner,
          nicolae_shop_gadgets
D:5:      layout_rooms, minmay_temple_entry_drinking_statues,
          uniq_crazy_yiuf_cottage, uniq_grinder, uniq_edmund, uniq_sigmund,
          uniq_menkaure
D:6:      layout_cave_pods, marbit_many_paths, serial_shops, nicolae_shop_trees,
          biasface_ghost_orc_armoury, uniq_eustachio
D:7:      layout_loops_corners, serial_undead, serial_undead_a, serial_undead_e,
          serial_undead_f, serial_undead_b
D:8:      layout_rooms, pdpol_wu_jian_five_deadly_venoms
D:9:      layout_cave_pools, due_lair_maze_entry_diamond, serial_ice,
          serial_ice_c, serial_ice_f, serial_ice_g, serial_ice_a, minivault_19,
          abandoned_shop
D:10:     layout_loops_ring, laboratory
Temple:   dpeg_five_rooms_temple
Lair:1:   layout_regular_city, serial_rivers, chequers_serial_rivers_large_b,
          chequers_serial_rivers_small_b, chequers_serial_rivers_small_3,
          chequers_serial_rivers_micro_c, chequers_serial_rivers_room_b,
          chequers_serial_rivers_small_a, infiniplex_staircase_pool
Lair:2:   layout_chaotic_city, spider_nest_entry_rubble, lemuel_fruit_tree,
          grunt_megastairs_2

Skill      XL: |  1  2  3  4  5  6  7  8  9 10 11 12 |
---------------+-------------------------------------+-----
Axes           | 2 3 4 6 7 9 10 11 12 | 12.6
Armour         | 4 5 6 7 8 9 10 | 10.4
Fighting       | 4 5 6 7 |  7.7
Shields        | 4 5 6 7 8 |  8.1
Evocations     | 2 4 5 6 |  6.6
Invocations    | 2 4 6 7 |  7.6

Action                   |  1- 3 |  4- 6 |  7- 9 | 10-12 || total
-------------------------+-------+-------+-------+-------++-------
Melee: War axe           |    93 |   129 |   210 |       ||   432
       Broad axe         |       |       |    48 |   479 ||   527
       Flail             |       |       |       |    18 ||    18
Invok: Heroism           |       |       |       |     2 ||     2
  Use: Scroll            |     5 |     4 |     3 |     8 ||    20
       Potion            |       |     1 |       |     4 ||     5
Armor: Scale mail        |    19 |       |       |       ||    19
       Chain mail        |    42 |   106 |   214 |       ||   362
       Plate armour      |       |       |       |   428 ||   428
Dodge: Dodged            |    28 |    64 |   115 |   154 ||   361
Block: Buckler           |    12 |    34 |    78 |    60 ||   184
       Kite shield       |       |       |       |   197 ||   197

Table legend: (Time is in decaauts)
 A = Elapsed time spent in this place.
 B = Non-inter-level travel time spent in this place.
 C = Inter-level travel time spent in this place.
 D = Time resting spent in this place.
 E = Time spent auto-exploring this place.
 F = Levels seen in this place.
 G = Mean time per level.
                   A        B        C        D        E       F      G
               +--------+--------+--------+--------+--------+-----+--------+
         Total |  20015 |  19384 |    631 |   8185 |   7899 |  13 | 1539.6 |
       Dungeon |  16938 |  16347 |    591 |   6886 |   6528 |  10 | 1693.8 |
        Temple |    335 |    305 |     30 |      0 |    294 |   1 |  335.0 |
          Lair |   2741 |   2731 |     10 |   1299 |   1077 |   2 | 1370.5 |
               +--------+--------+--------+--------+--------+-----+--------+

Top non-repeatable levels by time:
     D:9: 2917 daAuts
    D:10: 2268 daAuts
     D:4: 1961 daAuts
     D:6: 1661 daAuts
     D:3: 1641 daAuts
     D:5: 1599 daAuts
  Lair:1: 1539 daAuts
     D:7: 1455 daAuts
     D:8: 1410 daAuts
     D:1: 1390 daAuts
  Lair:2: 1202 daAuts
     D:2: 629 daAuts
  Temple: 335 daAuts
